[Event "Italian Women Championship 2023"]
[Site "Brescia"]
[Date "2023.12.08"]
[Round "6.1"]
[White "Sedina, Elena"]
[Black "Sala, Giulia"]
[Result "1/2-1/2"]
[ECO "B29"]
[WhiteElo "2169"]
[BlackElo "2045"]
[Annotator "RC"]
[PlyCount "90"]
[EventDate "2023.12.03"]
[EventType "tourn"]
[EventCountry "ITA"]
[SourceTitle "playchess.com"]
[Source "ChessBase"]
[SourceQuality "1"]
[TimeControl "40/6000+30:20/3000+30:900+30"]

1. e4 c5 2. Nf3 Nf6 3. e5 Nd5 4. Nc3 e6 5. Nxd5 exd5 6. d4 Nc6 7. c3 d6 8. Bb5 Be7 9. exd6 Bxd6 10. Qe2+ Be6 11. dxc5 Bxc5 12. Be3 Bd6 13. O-O O-O 14. h3 h6 15. Rfd1 a6 16. Bd3 Re8 17. Bc2 Qf6 18. Qd3 Rad8 19. Bb6 Rd7 20. Re1 g6 21. Qd2 Kg7 22. Be3 Rh8 23. Nd4 Ne7 24. Nb5 Nc6 25. Nd4 Ne7 26. Nb5 Nc6 27. Nxd6 Rxd6 28. Rad1 Bf5 29. Bb3 Qh4 30. Bb6 Kh7 31. Bc7 Rd7 32. Bg3 Qf6 33. Qe3 Rhd8 34. Qb6 Qg5 35. Ba4 Rc8 36. Qe3 Qd8 37. Qe2 d4 38. Bxc6 Rxc6 39. cxd4 Rxd4 40. Rxd4 Qxd4 41. Qe8 Qd7 42. Qf8 Rc8 43. Qe7 Rc1 44. Kh2 Rxe1 45. Qxe1 f6 1/2-1/2

[Event "Italian Women Championship 2023"]
[Site "Brescia"]
[Date "2023.12.08"]
[Round "6.2"]
[White "Rubinshtein, Kamilla"]
[Black "Martinelli, Valeria"]
[Result "0-1"]
[ECO "B22"]
[WhiteElo "1921"]
[BlackElo "1976"]
[Annotator "NA RC"]
[PlyCount "102"]
[EventDate "2023.12.03"]
[EventType "tourn"]
[EventCountry "ITA"]
[SourceTitle "playchess.com"]
[Source "ChessBase"]
[SourceQuality "1"]
[TimeControl "40/6000+30:20/3000+30:900+30"]

1. e4 Nf6 2. e5 Nd5 3. c4 Nb6 4. c5 Nd5 5. Nc3 e6 6. d4 d6 7. cxd6 cxd6 8. Nf3 Nxc3 9. bxc3 Qc7 10. Bd2 Nd7 11. exd6 Bxd6 12. Bd3 b6 13. O-O Bb7 14. h3 h6 15. Re1 Bf4 16. Rc1 O-O 17. Be3 Nf6 18. Qd2 Nd5 19. Bxf4 Qxf4 20. Qxf4 Nxf4 21. Be4 Rab8 22. Ne5 Rfd8 23. Rc2 f6 24. Nc6 Bxc6 25. Bxc6 Rbc8 26. Ba4 Kf7 27. Bb3 Nd5 28. c4 Nb4 29. Rce2 Nd3 30. Rd1 Rxd4 31. Red2 Rcd8 32. Bc2 Nf4 33. Rxd4 Rxd4 34. Rxd4 Ne2+ 35. Kf1 Nxd4 36. Be4 Ke7 37. Ke1 Kd6 38. Kd2 Kc5 39. Kc3 f5 40. Ba8 Nc6 41. Bxc6 Kxc6 42. Kd4 Kd6 43. f4 g5 44. g3 gxf4 45. gxf4 a6 46. a3 h5 47. h4 a5 48. a4 e5+ 49. fxe5+ Ke6 50. c5 bxc5+ 51. Kxc5 Kxe5 0-1

[Event "Italian Women Championship 2023"]
[Site "Brescia"]
[Date "2023.12.08"]
[Round "6.3"]
[White "Cassi, Elisa"]
[Black "Gueci, Tea"]
[Result "1/2-1/2"]
[ECO "B51"]
[WhiteElo "1951"]
[BlackElo "2160"]
[Annotator "RC"]
[PlyCount "40"]
[EventDate "2023.12.03"]
[EventType "tourn"]
[EventCountry "ITA"]
[SourceTitle "playchess.com"]
[Source "ChessBase"]
[SourceQuality "1"]
[TimeControl "40/6000+30:20/3000+30:900+30"]

1. e4 c5 2. Nf3 d6 3. Bb5+ Nd7 4. Ba4 Ngf6 5. O-O a6 6. c4 e5 7. Nc3 Be7 8. d3 h6 9. a3 O-O 10. b4 b5 11. cxb5 axb5 12. Nxb5 Nb6 13. Bb3 cxb4 14. a4 Ba6 15. Be3 Qb8 16. Qd2 Nxa4 17. Na7 Nc5 18. Bxc5 dxc5 19. Rxa6 Rxa7 20. Rxa7 Qxa7 1/2-1/2

[Event "Italian Women Championship 2023"]
[Site "Brescia"]
[Date "2023.12.08"]
[Round "6.4"]
[White "Brunello, Marina"]
[Black "Zimina, Olga"]
[Result "1/2-1/2"]
[ECO "B01"]
[WhiteElo "2343"]
[BlackElo "2277"]
[Annotator "RC"]
[PlyCount "43"]
[EventDate "2023.12.03"]
[EventType "tourn"]
[EventCountry "ITA"]
[SourceTitle "playchess.com"]
[Source "ChessBase"]
[SourceQuality "1"]
[TimeControl "40/6000+30:20/3000+30:900+30"]

1. e4 d5 2. exd5 Qxd5 3. Nc3 Qa5 4. d4 Nf6 5. Nf3 c6 6. Bc4 Bf5 7. Bd2 e6 8. Nd5 Qd8 9. Nxf6+ Qxf6 10. Qe2 Nd7 11. Bc3 Nb6 12. Bb3 a5 13. a4 Bb4 14. Bxb4 axb4 15. Ne5 O-O 16. O-O Rfd8 17. a5 Nd7 18. a6 Nxe5 19. dxe5 Qe7 20. axb7 Rxa1 21. Rxa1 Qxb7 22. Qe3 1/2-1/2

[Event "Italian Women Championship 2023"]
[Site "Brescia"]
[Date "2023.12.09"]
[Round "7.1"]
[White "Zimina, Olga"]
[Black "Sedina, Elena"]
[Result "1-0"]
[ECO "A07"]
[WhiteElo "2277"]
[BlackElo "2169"]
[Annotator "ChessBase"]
[PlyCount "157"]
[EventDate "2023.12.03"]
[EventType "tourn"]
[EventCountry "ITA"]
[SourceTitle "playchess.com"]
[Source "ChessBase"]
[SourceQuality "1"]
[TimeControl "40/6000+30:20/3000+30:900+30"]

1. Nf3 d5 2. g3 Bg4 3. Bg2 e6 4. h3 Bh5 5. O-O Nf6 6. c4 c6 7. d4 Be7 8. Nc3 O-O 9. Ne5 Bg6 10. Nxg6 hxg6 11. b3 Nbd7 12. Bb2 Re8 13. Qd3 Qa5 14. a3 Qa6 15. Na2 Rad8 16. Qc2 Rc8 17. Rfc1 b5 18. Nb4 Bxb4 19. axb4 Qb7 20. c5 e5 21. dxe5 Nxe5 22. Ra2 Qe7 23. Qc3 Rc7 24. Qd4 Ned7 25. Qf4 Nf8 26. Rca1 Rd7 27. Ra6 Nh5 28. Qd4 Rc7 29. Bf3 Nf6 30. h4 Qd7 31. Kg2 Ne6 32. Qd2 Nd8 33. Bd4 Ne4 34. Qb2 f6 35. Rd1 Qe7 36. Qc2 Qf7 37. Be3 Rb7 38. Bf4 Rbe7 39. Rda1 Rd7 40. Bg4 f5 41. Bf3 Ne6 42. Bc1 Rc8 43. Bb2 g5 44. hxg5 N4xg5 45. Be5 Re7 46. Bd6 Rd7 47. Rh1 Nxf3 48. exf3 Qf6 49. Re1 Nf8 50. Raa1 Ng6 51. f4 Nh8 52. Be5 Qg6 53. Bd4 Nf7 54. Re3 Nh6 55. Qe2 Qf7 56. Re1 Ng4 57. Re6 Kf8 58. Rh1 Kg8 59. f3 Nf6 60. Qe5 Re8 61. Re1 Rxe6 62. Qxe6 Qxe6 63. Rxe6 Rc7 64. Re5 Nh7 65. Rxf5 Re7 66. Kf2 g6 67. Re5 Kf7 68. f5 gxf5 69. Rxf5+ Kg6 70. g4 Re6 71. Rh5 Re7 72. Be3 Kg7 73. Rh1 Rd7 74. Bd4+ Kg6 75. Ra1 Nf8 76. Ra6 Rc7 77. Be5 Rc8 78. Rxa7 Ne6 79. f4 1-0

[Event "Italian Women Championship 2023"]
[Site "Brescia"]
[Date "2023.12.09"]
[Round "7.2"]
[White "Gueci, Tea"]
[Black "Brunello, Marina"]
[Result "1/2-1/2"]
[ECO "B90"]
[WhiteElo "2160"]
[BlackElo "2343"]
[Annotator "ChessBase"]
[PlyCount "72"]
[EventDate "2023.12.03"]
[EventType "tourn"]
[EventCountry "ITA"]
[SourceTitle "playchess.com"]
[Source "ChessBase"]
[SourceQuality "1"]
[TimeControl "40/6000+30:20/3000+30:900+30"]

1. e4 c5 2. Nf3 d6 3. d4 cxd4 4. Nxd4 Nf6 5. Nc3 a6 6. Qd3 Nbd7 7. Be2 b5 8. Nd5 Bb7 9. a4 Nc5 10. Nxf6+ gxf6 11. Qe3 bxa4 12. f3 h5 13. Qf2 e6 14. O-O d5 15. exd5 Bxd5 16. Rd1 Qc7 17. h3 Rg8 18. b4 axb3 19. cxb3 Bd6 20. Be3 Bg3 21. Qf1 Qe5 22. Bf2 Bxf2+ 23. Qxf2 a5 24. Bf1 Kf8 25. Qc2 Nxb3 26. Nxb3 Qe3+ 27. Kh1 Bxb3 28. Qc6 Bxd1 29. Qxa8+ Kg7 30. Qxa5 Qd4 31. Rc1 Kh6 32. Qc7 Rg7 33. Qb8 Bxf3 34. Qh8+ Rh7 35. Qf8+ Rg7 36. Qh8+ Rh7 1/2-1/2

[Event "Italian Women Championship 2023"]
[Site "Brescia"]
[Date "2023.12.09"]
[Round "7.3"]
[White "Martinelli, Valeria"]
[Black "Cassi, Elisa"]
[Result "0-1"]
[ECO "B13"]
[WhiteElo "1976"]
[BlackElo "1951"]
[Annotator "NA"]
[PlyCount "82"]
[EventDate "2023.12.03"]
[EventType "tourn"]
[EventCountry "ITA"]
[SourceTitle "playchess.com"]
[Source "ChessBase"]
[SourceQuality "1"]
[TimeControl "40/6000+30:20/3000+30:900+30"]

1. e4 c6 2. d4 d5 3. exd5 cxd5 4. Bd3 Nf6 5. c3 Bg4 6. f3 Bh5 7. Bf4 Bg6 8. Bxg6 hxg6 9. Qb3 Qd7 10. Ne2 e6 11. Nd2 Nc6 12. O-O Nh5 13. Bg3 Nxg3 14. hxg3 Bd6 15. Kf2 Ne7 16. c4 Nf5 17. c5 Bc7 18. Qd3 O-O-O 19. b4 Qe7 20. f4 g5 21. Nf3 gxf4 22. gxf4 Nh4 23. Rh1 Nxf3 24. Qxf3 g5 25. g3 gxf4 26. gxf4 Rh4 27. Rxh4 Qxh4+ 28. Qg3 Qh7 29. Rg1 Qe4 30. Qe3 Qc2 31. Rg7 Rh8 32. Qg3 Bd8 33. Rg8 Rh5 34. Qg4 Rh2+ 35. Ke3 Qe4+ 36. Kd2 Qxd4+ 37. Kc2 Qe4+ 38. Kb3 Rxe2 39. Rxd8+ Kxd8 40. Qg8+ Ke7 41. Qg5+ Kd7 0-1

[Event "Italian Women Championship 2023"]
[Site "Brescia"]
[Date "2023.12.09"]
[Round "7.4"]
[White "Sala, Giulia"]
[Black "Rubinshtein, Kamilla"]
[Result "1/2-1/2"]
[ECO "C01"]
[WhiteElo "2045"]
[BlackElo "1921"]
[Annotator "NA RC"]
[PlyCount "55"]
[EventDate "2023.12.03"]
[EventType "tourn"]
[EventCountry "ITA"]
[SourceTitle "playchess.com"]
[Source "ChessBase"]
[SourceQuality "1"]
[TimeControl "40/6000+30:20/3000+30:900+30"]

1. e4 e6 2. d4 d5 3. Bd3 dxe4 4. Bxe4 Nf6 5. Bf3 c5 6. Ne2 Nc6 7. Be3 cxd4 8. Nxd4 Ne5 9. Nc3 Be7 10. Qe2 Nxf3+ 11. Qxf3 O-O 12. O-O-O Bd7 13. g4 Qa5 14. g5 Nd5 15. Nf5 Nxc3 16. Nxe7+ Kh8 17. Bd2 Nxa2+ 18. Kb1 Qd8 19. Bf4 Qxe7 20. Bd6 Qe8 21. Rhe1 Rg8 22. Rd4 Qd8 23. Re5 Qb6 24. Bc5 Bc6 25. Qh3 Bg2 26. Qxg2 Nc3+ 27. Kc1 Na2+ 28. Kb1 1/2-1/2